 Dungeon Crawl Stone Soup version 0.20-a0-390-g4892b34 (webtiles) character file.

252 KristoblXynda the Twirler (level 5, -12/41 HPs)
             Began as a Draconian Gladiator on Dec 30, 2016.
             Mangled by an ogre
             ... wielding a +0 giant club
              (22 damage)
             ... on level 4 of the Dungeon.
             The game lasted 00:05:31 (2799 turns).

KristoblXynda the Twirler (Draconian Gladiator)     Turns: 2799, Time: 00:05:32

Health: -12/41     AC:  8    Str: 18    XL:     5   Next: 89%
Magic:  5/5        EV: 14    Int:  9    God:
Gold:   178        SH:  0    Dex: 11    Spells: 4/4 levels left

rFire  . . .     SeeInvis .     a - +1 quarterstaff
rCold  . . .     Gourm    .     (armour unavailable)
rNeg   . . .     Faith    .     (shield currently unavailable)
rPois  .         Spirit   .     b - +0 hat
rElec  .         Reflect  .     (no cloak)
rCorr  .         Harm     .     m - +1 pair of gloves
MR     .....                    p - +0 pair of boots
Stlth  +.........               (no amulet)
                                (no ring)
                                (no ring)

@: no status effects
A: unfitting armour, cold-blooded, AC +5
a: no special abilities


You were on level 4 of the Dungeon.
You were not hungry.

You visited 1 branch of the dungeon, and saw 4 of its levels.

You collected 178 gold pieces.

Inventory:

Hand Weapons
 a - a +1 quarterstaff (weapon)
Missiles
 c - 3 throwing nets (quivered)
Armour
 b - a +0 hat (worn)
 m - a +1 pair of gloves (worn)
 p - a +0 pair of boots (worn)
Scrolls
 g - a scroll of fear
 l - 2 scrolls of magic mapping
 q - a scroll of amnesia
Potions
 i - a potion of haste
 n - a potion of flight
 t - 2 potions of brilliance
 u - a potion of heal wounds
 x - a potion of curing
Comestibles
 d - 4 bread rations
 f - 3 meat rations
 h - 3 fruits
 k - 2 beef jerkies


   Skills:
 - Level 2.1 Fighting
 + Level 5.0 Staves
 - Level 2.1 Throwing
 + Level 4.6 Dodging


You had 4 spell levels left.
You didn't know any spells.

Dungeon Overview and Level Annotations

Branches:
Dungeon (4/15)             Temple (0/1) D:4

Altars:

Shops:
D:4 (


Innate Abilities, Weirdness & Mutations

Your plain brown scales are hard. (AC +5)
You cannot fit into any form of body armour.
You are cold-blooded and may be slowed by cold attacks.


Message History

An ogre is nearby!
Found a runed trident.
You hit the ogre but do no damage. The ogre barely misses you.
You hit the ogre but do no damage.
You tail-slap the ogre, but do no damage.
The ogre barely misses you.
You hit the ogre.
The ogre is moderately wounded.
The ogre barely misses you.
You barely miss the ogre.
The ogre is moderately wounded.
The ogre hits you with a giant club!!
* * * LOW HITPOINT WARNING * * *
You barely miss the ogre.
Your tail-slap misses the ogre.
The ogre is moderately wounded.
You sock the ogre!
Your tail-slap misses the ogre.
The ogre is severely wounded.
The ogre hits you with a giant club!!
Ouch! That really hurt!
You die...

#..########**,**,,,,,,,,,>,,,*
#..# *,,,,,,,,,,*****,* #..#
****,*****,* *,* #..# *,* *,* *,*
#..# *,* *,* *,* # #..##
*,***#*,* *,* ####...# *,,...,,**
*,* ..##.#.# #####..###**,** *,*
#.##.#.# #.@O.....),,*,* *,*
#.##.#.# #.###..###**,** *,*
#.##.#.########.##*,,# **,** *,*
#.##.............#*,,****,,,***,*
#.##...########..#*,..,,,,,,,,,,*
#.##........###..#**.#***,,,*****
#................# *># **,**
#####.......####.# *.# *,*
#...###.####.###.# *,*


You could see an ogre.

Vanquished Creatures
  A bullfrog (D:4)
  A howler monkey (D:3)
  2 worker ants
  2 adders (D:3)
  4 worms
  A dart slug (D:3)
  3 leopard geckos
  6 orcs (D:3)
  2 bats (D:3)
  2 giant cockroaches
  4 goblins
  3 hobgoblins
  9 jackals
  12 kobolds
  4 frilled lizards
  5 rats
61 creatures vanquished.

Notes
Turn   | Place    | Note
-------+----------+-------------------------------------------
     0 | D:1      | KristoblXynda the Draconian Gladiator began the quest for the Orb.
     0 | D:1      | Reached XP level 1. HP: 17/17 MP: 1/1
   278 | D:1      | Reached XP level 2. HP: 24/24 MP: 2/2
  1059 | D:2      | Reached XP level 3. HP: 27/29 MP: 3/3
  1563 | D:3      | Reached skill level 4 in Staves
  1563 | D:3      | Reached XP level 4. HP: 26/36 MP: 4/4
  2072 | D:3      | Reached XP level 5. HP: 39/41 MP: 5/5
  2774 | D:4      | Found Taetecy's Antique Weapon Boutique.
  2780 | D:4      | Reached skill level 5 in Staves
  2792 | D:4      | Noticed an ogre
  2799 | D:4      | Mangled by an ogre

Vault maps used:
D:1:      dpeg_arrival_brainrot, minivault_11
D:4:      serial_shops, shop, uniq_menkaure, uniq_eustachio

Skill      XL: |  1  2  3  4  5 |
---------------+----------------+-----
Throwing       | 2 |  2.1
Dodging        | 3 4 |  4.6
Staves         | 4 5 |  5.0
Fighting       | |  2.1

Action                   |  1- 3 |  4- 6 || total
-------------------------+-------+-------++-------
Melee: Quarterstaff      |    94 |    92 ||   186
       Tailslap          |    11 |    10 ||    21
  Use: Potion            |     2 |       ||     2
       Scroll            |       |    11 ||    11
  Eat: Chunk             |     2 |     4 ||     6
Armor: Skin              |    22 |    19 ||    41
Dodge: Dodged            |    62 |    56 ||   118
